 Dungeon Crawl Stone Soup version 0.31-a0-875-g02e7d12df6 (webtiles) character file.

Game seed: 4661192914922713276

32 Xavori the Cutter (level 3, -6/23 HPs)
             Began as an Octopode Chaos Knight on Oct 12, 2023.
             Was a Plaything of Xom.
             Mangled by Robin
             ... wielding a +0 heavy spear
              (10 damage)
             ... on level 2 of the Dungeon.
             The game lasted 00:00:57 (10086 turns).

Xavori the Cutter (Octopode Chaos Knight)          Turns: 10086, Time: 00:00:58

Health: -6/23      AC:  1    Str: 11    XL:     3   Next: 25%
Magic:  3/3        EV: 13    Int: 12    God:    Xom [....*.]
Gold:   16         SH:  0    Dex: 13    Spells: 2/2 levels left

rFire   . . .        a - +0 short sword (chaos)
rCold   . . .        (no shield)
rNeg    . . .        (helmet restricted)
rPois   .            (no amulet)
rElec   .            (no ring)
rCorr   .            (no ring)
SInv    .            (no ring)
Will    +....        (no ring)
Stlth   +++          (no ring)
HPRegen 0.23/turn    (no ring)
MPRegen 0.08/turn    (no ring)
                     (no ring)

%: no passive effects
@: no status effects
A: almost no armour, amphibious, 8 rings, camouflage 1, gelatinous body 1,
(nimble swimmer 1), tentacles, dopey 1, frail 1, strong-willed 1, sense
surroundings 1, screaming 1, wild magic 1, inability to read after injury 1
a: Renounce Religion


You were on level 2 of the Dungeon.
You worshipped Xom.
You were a beloved toy of Xom.
You visited 1 branch of the dungeon, and saw 2 of its levels.

You collected 16 gold pieces.

Inventory:

Hand Weapons
 a - a +0 short sword of chaos (weapon)
 d - a +0 dagger of holy wrath
Missiles
 g - 2 throwing nets
Jewellery
 f - a ring of flight
 i - a ring of fire
Wands
 m - a wand of iceblast (6)
Scrolls
 b - a scroll of butterflies
 e - 3 scrolls of identify {unknown}
 h - a scroll of fog {unknown}
 j - a scroll of revelation {unknown}
Potions
 c - a potion of haste {unknown}
 k - a potion of cancellation {unknown}
 l - 2 potions of ambrosia {unknown}


   Skills:
 + Level 3.3 Fighting
 + Level 3.5 Short Blades
 + Level 2.6 Dodging
 + Level 1.9 Stealth


You had 2 spell levels left.
You didn't know any spells.
Your spell library was empty.

Dungeon Overview and Level Annotations

Branches:
Dungeon (2/15)

Altars:

Annotations:
D:2 Robin


Innate Abilities, Weirdness & Mutations

You cannot wear most types of armour.
You are amphibious.
You can wear up to eight rings at the same time.
Your skin changes colour to match your surroundings (Stealth+).
Your rubbery body absorbs attacks. (AC +1, EV +1)
((You are camouflaged when in or above water. (Stealth+)))
You have tentacles for arms and can constrict up to eight enemies at once.
You are dopey. (Int -2)
You are frail. (-10% HP)
You are strong-willed. (Will+)
You passively map a small area around you.
You occasionally shout uncontrollably at your foes.
Your spells are a little harder to cast, but a little more powerful.
You occasionally lose the ability to read scrolls when taking damage.


Message History

You kill the goblin!
The goblin hits you with a +0 club.
The goblin unwields a +0 dagger.
The goblin wields a +0 sling.
The goblin shoots a sling bullet.
The sling bullet hits you.
* * * LOW HITPOINT WARNING * * *
You hit the goblin. You grab the goblin. You squeeze the goblin.
You kill the goblin!
The goblin shoots a sling bullet.
The sling bullet closely misses you.
Robin roars a battlecry!
The goblin goes into a battle-frenzy!
Items here: ))))) ††.
The goblin shoots a sling bullet.
The sling bullet closely misses you.
The goblin shoots a sling bullet.
The sling bullet barely misses you. Robin throws the goblin at you!
* * * LOW HITPOINT WARNING * * *
The goblin hits you with a dagger.
* * * LOW HITPOINT WARNING * * *
Items here: ))) ††.
The goblin unwields a +0 sling.
The goblin wields a +0 dagger.
The goblin closely misses you. Robin closely misses you.
You hit the goblin. Lightning courses through the goblin!!
You kill the goblin!
A goblin comes into view. It is wielding a +0 dagger.
The frilled lizard bites you but does no damage.
Robin throws the goblin at you!
* * * LOW HITPOINT WARNING * * *
Things that are here:
a +0 dagger; a +0 sling You hit the goblin.
You drain the goblin.
You kill the goblin!
The goblin misses you. The frilled lizard misses you. Robin closely misses you.
You hit the goblin. You burn the goblin. You grab the goblin.
You squeeze the goblin.
You kill the goblin!
The frilled lizard closely misses you.
You hit Robin but do no damage.
Robin is poisoned.
You grab Robin. You constrict Robin, but do no damage.
The frilled lizard closely misses you. Robin hits you with a +0 heavy spear!
You die...
Robin calls out, "Let's celebrate!
Time for a feast!"

* * ########## ## , ,
#......... .# * *
#####.######## *.# ,*
......##### .#
.#........# .# ,
......###.#######g#####.
......# #...).))@l......
..)...# #########)#####.
......# .# * .#..### .#
.#..†## .# #....##### .#
* ** ##.#.....# ..
#....###.# .. * #.#.##
#.# * * * *


You could see Robin (very poisoned) and a frilled lizard.

Vanquished Creatures
  4 bats (D:1)
  2 endoplasms (D:1)
  A giant cockroach (D:1)
  11 goblins
  2 hobgoblins (D:1)
  3 ball pythons
  A frilled lizard (D:1)
  2 kobolds
  A rat (D:1)
27 creatures vanquished.

Notes
Turn   | Place    | Note
-------+----------+-------------------------------------------
     0 | D:1      | Xavori the Octopode Chaos Knight began the quest for the
                  | Orb.
     0 | D:1      | Reached XP level 1. HP: 16/16 MP: 1/1
    40 | D:1      | XOM: silly message
   198 | D:1      | XOM: divination: detect items
   200 | D:1      | Reached XP level 2. HP: 17/21 MP: 2/2
   445 | D:1      | Reached skill level 1 in Stealth
   583 | D:1      | Found a faded altar of an unknown god.
   823 | D:1      | XOM: scenery: 1 doors close
  1274 | D:1      | XOM: god gift: morningstar {god gift}
  1875 | D:1      | XOM is BORED!
  1948 | D:1      | XOM: give mutations
  1948 | D:1      | Gained mutation: You are agile. (Dex +4, Str/Int -1) [Xom's
                  | grace]
  1948 | D:1      | Gained mutation: One of your tentacles bears a spike.
                  | [Xom's grace]
  1948 | D:1      | Gained mutation: You expend magic power (3 MP) to
                  | strengthen your wands. [Xom's grace]
  2220 | D:1      | XOM: scenery: 1 doors open
  2838 | D:1      | XOM: give mutation
  2838 | D:1      | Lost mutation: You expend magic power (3 MP) to strengthen
                  | your wands. [Xom's mischief]
  3019 | D:1      | XOM: give mutations
  3019 | D:1      | Gained mutation: You passively map a small area around you.
                  | [Xom's mischief]
  3019 | D:1      | Lost mutation: You are agile. (Dex +4, Str/Int -1) [Xom's
                  | mischief]
  4580 | D:1      | XOM: give mutations
  4580 | D:1      | Gained mutation: You are dopey. (Int -2) [Xom's mischief]
  4580 | D:1      | Gained mutation: You occasionally lose the ability to read
                  | scrolls when taking damage. [Xom's mischief]
  4580 | D:1      | Gained mutation: You occasionally shout uncontrollably at
                  | your foes. [Xom's mischief]
  4580 | D:1      | Gained mutation: You are frail. (-10% HP) [Xom's mischief]
  4682 | D:1      | XOM is BORED!
  5430 | D:1      | XOM: give mutations
  5430 | D:1      | Lost mutation: One of your tentacles bears a spike. [Xom's
                  | mischief]
  5430 | D:1      | Gained mutation: You are strong-willed. (Will+) [Xom's
                  | mischief]
  5430 | D:1      | Gained mutation: Your spells are a little harder to cast,
                  | but a little more powerful. [Xom's mischief]
  5518 | D:1      | XOM: noise
  5602 | D:1      | XOM: god gift: bronze wand {god gift}
  5855 | D:1      | XOM: summons 2 hostile demons
  6087 | D:2      | XOM: silly message
  6906 | D:1      | XOM: divination: magic mapping
  7451 | D:1      | XOM: silly message
  7747 | D:1      | XOM: divination: detect creatures
  7978 | D:1      | XOM is BORED!
  8287 | D:1      | XOM: silly message
  9158 | D:1      | XOM: silly message
  9931 | D:1      | XOM: noise
 10070 | D:2      | Noticed Robin
 10075 | D:2      | Reached XP level 3. HP: 13/23 MP: 3/3
 10086 | D:2      | Mangled by Robin

Illustrated notes

Levels and vault maps discovered:
D:1:      evilmike_arrival_rings, layout_basic, shapermc_ecumenical_altar_ellora
D:2:      layout_loops_ring, uniq_sigmund, uniq_robin

Skill      XL: |  1  2 |
---------------+-------+-----
Stealth        | 1 |  1.9
Fighting       | |  3.3
Short Blades   | |  3.5
Dodging        | |  2.6

Action                     || total
---------------------------++-------
  Melee: Short sword       ||    41
         Constrict         ||     9
         Tentacles         ||     8
   Stab: Sleeping          ||     9
 Armour: Skin              ||    19
  Dodge: Dodged            ||    25

Table legend: (Time is in decaauts)
 A = Elapsed time spent in this place.
 B = Non-inter-level travel time spent in this place.
 C = Inter-level travel time spent in this place.
 D = Time resting spent in this place.
 E = Time spent auto-exploring this place.
 F = Levels seen in this place.
 G = Mean time per level.
                   A        B        C        D        E       F      G
               +--------+--------+--------+--------+--------+-----+--------+
         Total |  10080 |  10062 |     18 |   9229 |    693 |   2 | 5040.0 |
       Dungeon |  10080 |  10062 |     18 |   9229 |    693 |   2 | 5040.0 |
               +--------+--------+--------+--------+--------+-----+--------+

Top non-repeatable levels by time:
     D:1: 9795 daAuts
     D:2: 285 daAuts
